 Dungeon Crawl Stone Soup version 0.31-a0-174-g85c54bcb58 (webtiles) character file.

Game seed: 7513327020826989654

806 qw the Chopper (level 7, -3/44 HPs)
             Began as a Gargoyle Fighter on June 15, 2023.
             Slain by Prince Ribbit (14 damage)
             ... on level 5 of the Dungeon.
             The game lasted 00:02:50 (4613 turns).

qw the Chopper (Gargoyle Fighter)                   Turns: 4613, Time: 00:02:50

Health: -3/44      AC: 13    Str: 21 (22) XL:     7   Next: 91%
Magic:  7/7        EV:  8    Int:  8      God:
Gold:   252        SH:  4    Dex:  9      Spells: 6/6 levels left

rFire   . . .        n - +2 broad axe (elec)
rCold   . . .        c - +0 buckler
rNeg    + . .        k - +0 chain mail
rPois   inf          (no helmet)
rElec   +            (no cloak)
rCorr   .            (no gloves)
SInv    .            (no boots)
Will    .....        (no amulet) Stlth
                     (no ring)
HPRegen 0.27/turn    (no ring)
MPRegen 0.10/turn

%: no passive effects
@: no status effects
A: sickness immunity, AC +4, negative energy resistance 1, electricity
resistance, torment resistance 1, petrification resistance
a: no special abilities


You were on level 5 of the Dungeon.
You visited 1 branch of the dungeon, and saw 5 of its levels.
You also visited: Sewer and Ossuary.

You collected 252 gold pieces.


Innate Abilities, Weirdness & Mutations

You are immune to sickness and miasma.
Your stone body is resilient. (AC +4)
You are immune to poison.
You resist negative energy. (rN+)
You are resistant to electric shocks. (rElec)
You are resistant to unholy torment.
You are immune to petrification.


   Skills:
 + Level 4.9 Fighting
 - Level 7.0 Axes
 - Level 1.3 Throwing
 - Level 3.2 Armour
 - Level 1.2 Dodging
 - Level 3.2 Shields


You had 6 spell levels left.
You didn't know any spells.
Your spell library was empty.

Inventory:

Hand Weapons
 j - a +0 flail
 n - a +2 broad axe of electrocution (weapon)
Armour
 c - a +0 buckler (worn)
 k - a +0 chain mail (worn)
Scrolls
 b - a scroll of enchant armour
 g - a scroll of identify
Potions
 a - 5 potions of curing
 d - a potion of might
 e - 4 potions of haste
 f - a potion of mutation {unknown}
 h - a potion of invisibility {unknown}
 l - 2 potions of enlightenment {unknown}
 m - a potion of lignification {unknown}
 o - a potion of resistance {unknown}

Dungeon Overview and Level Annotations

Branches:
Dungeon (5/15)              Sewer (visited)         Ossuary (visited)
 Temple: D:4-7

Altars:
Ashenzari
Trog

Annotations:
D:4 2 transporters, qw's ghost, weakling GrHu
D:5 Prince Ribbit


Message History

The hound bites you but does no damage.
You hit the hound.
You kill the hound!
You miss Prince Ribbit. You closely miss the phantom.
Prince Ribbit hits you but does no damage.
The phantom hits you.
The phantom blinks!
You blink.
You feel your strength returning.
You closely miss Prince Ribbit. You hit the phantom but do no damage.
The phantom barely misses you.
Prince Ribbit hits you but does no damage.
The phantom hits you but does no damage.
You slash Prince Ribbit!
Prince Ribbit is heavily wounded.
You hit the phantom but do no damage. Prince Ribbit hits you!
Prince Ribbit hits you. You block the phantom's attack.
You barely miss Prince Ribbit.
Prince Ribbit is heavily wounded.
You barely miss the phantom.
Prince Ribbit catches a baby bat with his tongue.
You block Prince Ribbit's attack. The phantom barely misses you.
Prince Ribbit blinks!
You barely miss the phantom.
The phantom hits you but does no damage.
You slash the phantom! Lightning courses through the phantom!
The phantom is severely damaged.
The phantom closely misses you. The phantom hits you.
You closely miss the phantom.
The phantom is severely damaged.
The phantom hits you but does no damage.
You closely miss the phantom.
The phantom is severely damaged.
You miss Prince Ribbit. Prince Ribbit completely misses you.
The phantom hits you but does no damage.
Prince Ribbit hits you!
You slice the phantom!!
You destroy the phantom!
You slash Prince Ribbit! Prince Ribbit hits you!
You die...

...... . ......
..######### .....
..........# ...#
........@.# ...#
........F.##...#
...............+
...............#
..........#.#######
..........#.......#
......[...##......#
[.................#
...........#......#######


You could see Prince Ribbit.

Vanquished Creatures
  A phantom (D:5)
  A kobold brigand (Sewer)
  5 water moccasin zombies (Ossuary)
  An orc priest (D:3)
  3 hounds
  A gnoll bouda (D:4)
  Terence (D:2)
  2 mummies (Ossuary)
  11 adders
  3 gnolls (D:4)
  A river rat (Sewer)
  An ufetubus (D:5)
  4 adder zombies (Ossuary)
  2 worms
  3 dart slugs
  3 orcs (D:3)
  5 ball pythons
  12 endoplasms
  3 giant cockroaches
  2 gnoll zombies (Ossuary)
  4 goblins
  4 hobgoblins
  7 jackals
  5 quokkas
  7 bats
  A frilled lizard (D:2)
  5 hobgoblin zombies (Ossuary)
  11 kobolds
  6 kobold zombies (Ossuary)
  5 orc zombies (Ossuary)
  12 rats
132 creatures vanquished.

Notes
Turn   | Place    | Note
-------+----------+-------------------------------------------
     0 | D:1      | qw the Gargoyle Fighter began the quest for the Orb.
     0 | D:1      | Reached XP level 1. HP: 14/14 MP: 1/1
     0 | D:1      | 0 ||| qw: Version: 0.2-a-29-g511e9b1
     0 | D:1      | 0 ||| qw: Game counter: 5614
     0 | D:1      | 0 ||| qw: Always use a shield: true
     0 | D:1      | 0 ||| qw: God list: Okawaru
     0 | D:1      | 0 ||| qw: Allow faded altars: false
     0 | D:1      | 0 ||| qw: Do Orc after D:15 true
     0 | D:1      | 0 ||| qw: Do second Lair branch before Depths: true
     0 | D:1      | 0 ||| qw: Lair rune preference: random
     0 | D:1      | 0 ||| qw: Plans: Normal, Zot:1-4, Slime:5, God:TSO, Crypt,
                  | Tomb, Abyss, Pan, Hells, Win
     0 | D:1      | 0 ||| PLANNING D:1-11
    96 | D:1      | Reached skill level 2 in Axes
   198 | D:1      | Reached XP level 2. HP: 17/19 MP: 2/2
   561 | D:1      | 561 ||| READING scroll labelled CAOMUV MILL.
   564 | D:1      | 564 ||| READING scroll labelled JIQ WULIO.
   565 | D:1      | 565 ||| DRINKING 2 glowing black potions.
   566 | D:1      | 566 ||| DROPPING potion of brilliance.
   587 | D:2      | 587 ||| Stepping ~*~*~tactically~*~*~ (hiding).
   593 | D:2      | Reached skill level 3 in Axes
   602 | D:2      | Reached XP level 3. HP: 23/23 MP: 3/3
   923 | D:2      | 923 ||| Stepping ~*~*~tactically~*~*~ (hiding).
   987 | D:2      | Reached XP level 4. HP: 28/28 MP: 4/4
  1032 | D:2      | 1032 ||| Stepping ~*~*~tactically~*~*~ (stealth).
  1033 | D:2      | 1033 ||| Stepping ~*~*~tactically~*~*~ (stealth).
  1252 | D:2      | Noticed Terence
  1260 | D:2      | Killed Terence
  1261 | D:2      | Reached skill level 4 in Axes
  1268 | D:2      | 1268 ||| DROPPING +0 whip.
  1451 | D:2      | 1451 ||| UPGRADING to +0 chain mail.
  1461 | D:2      | 1461 ||| DROPPING +0 scale mail.
  1462 | D:2      | 1462 ||| READING scroll labelled SAPENL QIFYEDA.
  1463 | D:2      | 1463 ||| READING scroll labelled EJEHE SYTWIN.
  1464 | D:2      | 1464 ||| READING scroll labelled OGIAFR BUIQO.
  1596 | D:3      | 1596 ||| PLANNING SEWER
  1601 | D:3      | 1601 ||| STAIRDANCE
  1643 | D:3      | 1643 ||| Stepping ~*~*~tactically~*~*~ (stealth).
  1645 | D:3      | 1645 ||| Stepping ~*~*~tactically~*~*~ (stealth).
  1654 | D:3      | Found a bloodstained altar of Trog.
  1657 | D:3      | 1657 ||| Stepping ~*~*~tactically~*~*~ (stealth).
  1731 | D:3      | 1731 ||| Stepping ~*~*~tactically~*~*~ (hiding).
  1732 | D:3      | 1732 ||| Stepping ~*~*~tactically~*~*~ (hiding).
  1733 | D:3      | 1733 ||| Stepping ~*~*~tactically~*~*~ (hiding).
  1741 | D:3      | Reached XP level 5. HP: 28/32 MP: 5/5
  1743 | D:3      | 1743 ||| Stepping ~*~*~tactically~*~*~ (stealth).
  2179 | D:3      | Reached skill level 5 in Axes
  2216 | D:3      | Found a glowing drain.
  2239 | D:3      | 2239 ||| READING scroll labelled DAKKUSULOPH.
  2240 | D:3      | 2240 ||| DRINKING 4 sedimented white potions.
  2246 | Sewer    | Entered a sewer
  2328 | Sewer    | Noticed a kobold brigand
  2344 | Sewer    | Killed a kobold brigand
  2345 | Sewer    | Reached XP level 6. HP: 22/39 MP: 6/6
  2717 | Sewer    | 2717 ||| Stepping ~*~*~tactically~*~*~ (hiding).
  2718 | Sewer    | 2718 ||| Stepping ~*~*~tactically~*~*~ (hiding).
  2739 | Sewer    | 2739 ||| READING scroll labelled APPANAG YSAXAI.
  2740 | Sewer    | 2740 ||| READING scroll labelled AMNOAROMYE.
  2741 | Sewer    | 2741 ||| READING scroll labelled DONYSI TUEPIULA.
  2742 | Sewer    | 2742 ||| DRINKING 2 brown potions.
  2743 | Sewer    | 2743 ||| DRINKING 2 lumpy clear potions.
  2744 | Sewer    | 2744 ||| DROPPING potion of degeneration.
  2773 | D:3      | 2773 ||| PLANNING D:1-11
  2887 | D:3      | 2887 ||| READING scroll labelled ZUOFFAEMEC.
  2943 | D:4      | 2943 ||| STAIRDANCE
  2968 | D:4      | Found a broken altar of Ashenzari.
  3089 | D:4      | Noticed qw's ghost (weakling GrHu)
  3094 | D:4      | Noticed an orc warrior
  3104 | D:4      | Found a transporter.
  3295 | D:4      | Reached skill level 1 in Throwing
  3296 | D:4      | HP: 9/39 [gnoll/+0 spear[a gnoll bouda] (5)]
  3297 | D:4      | 3297 ||| READING 2 scrolls of teleportation.
  3298 | D:4      | 3298 ||| DRINKING potion of heal wounds.
  3300 | D:4      | 3300 ||| FLEEEEING.
  3301 | D:4      | 3301 ||| FLEEEEING.
  3302 | D:4      | 3302 ||| FLEEEEING.
  3303 | D:4      | 3303 ||| FLEEEEING.
  3304 | D:4      | 3304 ||| FLEEEEING.
  3306 | D:4      | 3306 ||| FLEEEEING.
  3307 | D:4      | 3307 ||| FLEEEEING.
  3308 | D:4      | 3308 ||| FLEEEEING.
  3309 | D:4      | 3309 ||| FLEEEEING.
  3310 | D:4      | 3310 ||| STAIRDANCE
  3345 | D:3      | 3345 ||| READING scroll labelled GUSANO CAEGUAH.
  3346 | D:3      | 3346 ||| READING scroll labelled JOONEU GIBIUT.
  3406 | D:4      | 3406 ||| Stepping ~*~*~tactically~*~*~ (hiding).
  3443 | D:4      | 3443 ||| Stepping ~*~*~tactically~*~*~ (stealth).
  3473 | D:4      | Reached XP level 7. HP: 29/44 MP: 7/7
  3600 | D:4      | Found a transporter.
  3890 | D:5      | Entered Level 5 of the Dungeon
  3891 | D:5      | 3891 ||| PLANNING OSSUARY
  3979 | D:5      | Found a sand-covered staircase.
  3984 | Ossuary  | Entered an ossuary
  4016 | Ossuary  | Reached skill level 6 in Axes
  4208 | Ossuary  | Reached skill level 1 in Dodging
  4294 | Ossuary  | HP: 8/44 [mummy (13)]
  4295 | Ossuary  | 4295 ||| READING scroll of teleportation.
  4299 | Ossuary  | Reached skill level 7 in Axes
  4477 | Ossuary  | 4477 ||| READING 2 scrolls labelled ZACWOY TEYSTRA.
  4478 | Ossuary  | 4478 ||| READING scroll labelled UWUURUHEORPH.
  4478 | Ossuary  | Identified a scroll of acquirement
  4478 | Ossuary  | 4478 ||| ACQUIRING +2 broad axe of electrocution
  4478 | Ossuary  | Acquired a +2 broad axe of electrocution
  4480 | Ossuary  | 4480 ||| UPGRADING to +2 broad axe of electrocution.
  4481 | Ossuary  | 4481 ||| DROPPING +1 war axe.
  4482 | Ossuary  | 4482 ||| DRINKING 5 ruby potions.
  4483 | Ossuary  | 4483 ||| DROPPING scroll of noise.
  4489 | D:5      | 4489 ||| PLANNING D:1-11
  4593 | D:5      | Noticed Prince Ribbit
  4612 | D:5      | HP: 10/44 [Prince Ribbit (14)]
  4613 | D:5      | Slain by Prince Ribbit

Levels and vault maps discovered:
D:1:      minmay_arrival_jagged, layout_rooms
D:2:      layout_loops_corners, minmay_misc_feat_plants, uniq_terence
D:3:      layout_basic, mainiacjoe_overflow_small_starburst,
          gup_sewer_entry_bubbles
D:4:      layout_gridville, mainiacjoe_overflow_cross_hatched,
          gammafunk_ghost_arena, minmay_misc_feat_square
D:5:      corexii_shantytown, layout_basic, minmay_temple_entry_nine_rooms,
          nicolae_ossuary_entry_ruins, serial_shops, shop, uniq_prince_ribbit1

Skill      XL: |  1  2  3  4  5  6  7 |
---------------+----------------------+-----
Axes           | 2 3 4 5 7 |  7.0
Fighting       | 4 |  4.9
Throwing       | 1 |  1.3
Dodging        | 1 |  1.2
Armour         | |  3.2
Shields        | |  3.2

Action                     |  1- 3 |  4- 6 |  7- 9 || total
---------------------------+-------+-------+-------++-------
  Melee: War axe           |    96 |   317 |   147 ||   560
         Broad axe         |       |       |    27 ||    27
  Throw: Javelin           |       |     9 |     4 ||    13
    Use: Scroll            |     2 |    11 |     3 ||    16
         Potion            |     1 |     4 |     1 ||     6
 Armour: Scale mail        |    67 |     9 |       ||    76
         Chain mail        |       |   175 |    86 ||   261
  Dodge: Dodged            |    60 |   150 |    53 ||   263
  Block: Buckler           |     8 |    48 |    26 ||    82

Table legend:
 A = Non-vault XP
 B = Vault XP
 C = Vault XP percentage of total XP
 D = Non-vault monster count
 E = Vault monster count
 F = Vault count percentage of total count
                 A         B        C        D         E       F
            +---------+---------+-------+---------+---------+-------
      Total |     566 |     689 |  54.9 |      71 |      61 |  46.2
            +---------+---------+-------+---------+---------+-------
        D:1 |      26 |       0 |   0.0 |      15 |       0 |   0.0
        D:2 |      71 |      32 |  31.1 |      19 |       1 |   5.0
        D:3 |      98 |      23 |  19.0 |      17 |       8 |  32.0
        D:4 |     204 |       0 |   0.0 |      16 |       0 |   0.0
        D:5 |     167 |       4 |   2.3 |       4 |       2 |  33.3
      Sewer |       0 |     167 | 100.0 |       0 |      21 | 100.0
    Ossuary |       0 |     463 | 100.0 |       0 |      29 | 100.0
            +---------+---------+-------+---------+---------+-------
